 Dungeon Crawl Stone Soup version 0.22-a0-587-g7d32d7c (webtiles) character file.

806 nikopol the Magician (level 7, -1/37 HPs)
             Began as a Deep Elf Fire Elementalist on July 4, 2018.
             Slain by a fire bat (3 damage)
             ... on level 4 of the Dungeon.
             The game lasted 00:17:43 (4240 turns).

nikopol the Magician (Deep Elf Fire Elementalist)   Turns: 4240, Time: 00:17:43

Health: -1/37      AC:  3    Str:  5    XL:     7   Next: 60%
Magic:  19/19      EV: 13    Int: 22    God:
Gold:   194        SH:  0    Dex: 15    Spells: 5/20 levels left

rFire    + . .     SeeInvis .   (no weapon)
rCold    + + .     Gourm    .   (no shield)
rNeg     . . .     Faith    .   s - +0 robe {rC+}
rPois    +         Spirit   .   (no helmet)
rElec    +         Reflect  .   (no cloak)
rCorr    +         Harm     .   (no gloves)
MR       .....                  e - +0 pair of boots
Stlth    +++.......             (no amulet)
HPRegen  0.12/turn              j - ring of stealth
MPRegen  0.16/turn              (no ring)

@: about to teleport, resistant
A: no striking features
a: no special abilities


You were on level 4 of the Dungeon.
You were not hungry.

You visited 1 branch of the dungeon, and saw 4 of its levels.

You collected 194 gold pieces.

Inventory:

Armour
 a - a +0 robe
 e - a +0 pair of boots (worn)
 s - a +0 robe of cold resistance (worn)
Jewellery
 j - a ring of stealth (left hand)
 t - an uncursed ring of fire {unknown}
Scrolls
 d - 2 scrolls of enchant weapon
 g - 8 scrolls of remove curse
 q - 2 scrolls of noise {unknown}
Potions
 b - a potion of might
 f - a potion of flight
 h - a potion of resistance
 n - a potion of agility
 o - a potion of brilliance {unknown}
 p - 2 potions of magic
 r - a potion of invisibility {unknown}
Comestibles
 c - 7 rations
 u - 7 chunks of flesh


   Skills:
 + Level 0.4 Fighting
 + Level 2.6 Dodging
 + Level 3.2 Stealth
 + Level 7.3 Spellcasting
 + Level 4.4 Conjurations
 + Level 6.4 Fire Magic


You had 5 spell levels left.
You knew the following spells:

 Your Spells              Type           Power        Failure   Level  Hunger
a - Flame Tongue          Conj/Fire      ####.        1%          1    None
b - Throw Flame           Conj/Fire      ####..       1%          2    None
c - Conjure Flame         Conj/Fire      ####....     2%          3    None
d - Sticky Flame          Conj/Fire      ####....     9%          4    ###....
e - Fireball              Conj/Fire      ####......   24%         5    #####..

Your spell library contained the following spells:

 Spells                   Type           Power        Failure   Level  Hunger
 Inner Flame              Hex/Fire       ###.....     6%          3    None


Dungeon Overview and Level Annotations

Branches:
Dungeon (4/15)
 Temple: D:4-7

Altars:
Ashenzari
Gozag
Nemelex Xobeh

Shops:
D:4 *

Annotations:
D:4 1 transporter


Message History

Okay, then.
As you read the scroll labeled JIMMAL XOLA, it crumbles to dust.
The scroll dissolves into smoke.
It was a scroll of fog.
As you read the scroll labeled BUFEISI UTRUVI, it crumbles to dust.
You smell pepper.
It was a scroll of random uselessness.
The fire bat closely misses you. The fire bat bites you.
You are engulfed in flames!
The fire bat bites you.
You are engulfed in flames!
The fire bat bites you.
* * * LOW HITPOINT WARNING * * *
You are engulfed in flames!
* * * LOW HITPOINT WARNING * * *
As you read the scroll labeled TILUTA NEUCHES, it crumbles to dust.
You feel strangely unstable.
It was a scroll of teleportation.
The fire bat closely misses you.
You feel protected. The fire bat bites you.
* * * LOW HITPOINT WARNING * * *
You are engulfed in flames.
You resist.
You die...

.......# ######....# .......#
#....# .......# #....#
.......# ###### #....#
.......### ########§§.§§#
#.#### .........##
#§§§§§§#§§.§§# #.#
..######..###§§§§§§#.§§.§###.#
..# ##...#§§#b#§§§§.$[#...#
..# #..©#.§§@§§§§§.)©#©..# ..#
##..#§§#§#§§§§.$$#..## ..#
#..#§§§.§§#§§§§§#### ..#
####§§§§§§#§§§§§# ..#
########§§§§§# ### ######


You could see a fire bat.

Vanquished Creatures
  A phantom (D:4)
  3 ogres (D:4)
  Blork the orc (D:4)
  A howler monkey (D:4)
  A bullfrog skeleton (D:4)
  3 hounds
  Terence (D:2)
  Jessica (D:2)
  An iguana (D:4)
  A worker ant (D:4)
  A hound zombie (D:4)
  A gnoll (D:3)
  4 adders
  An ooze (D:4)
  An adder skeleton (D:4)
  4 dart slugs
  3 leopard geckos (D:1)
  4 orcs
  8 bats
  2 giant cockroaches
  3 hobgoblins
  4 kobolds
  3 quokkas
  4 frilled lizards
  17 goblins
  7 rats
81 creatures vanquished.

Notes
Turn   | Place    | Note
-------+----------+-------------------------------------------
     0 | D:1      | nikopol the Deep Elf Fire Elementalist began the quest for the Orb.
     0 | D:1      | Reached XP level 1. HP: 10/10 MP: 6/6
    88 | D:1      | Reached XP level 2. HP: 15/15 MP: 2/8
   501 | D:1      | Reached XP level 3. HP: 19/19 MP: 6/10
   771 | D:2      | Found a shattered altar of Ashenzari.
   790 | D:2      | Noticed Terence
   851 | D:1      | Learned a level 2 spell: Throw Flame
   855 | D:1      | Learned a level 3 spell: Conjure Flame
  1051 | D:2      | You fall through a shaft for 2 floors!
  1051 | D:4      | Noticed an ogre
  1068 | D:4      | Found Vessoan's Assorted Antiques.
  1087 | D:4      | Found a transporter.
  1088 | D:4      | Noticed a fire bat
  1120 | D:4      | Killed an ogre
  1120 | D:4      | Reached skill level 4 in Spellcasting
  1120 | D:4      | Reached XP level 4. HP: 12/24 MP: 0/12
  1309 | D:4      | Reached skill level 5 in Spellcasting
  1356 | D:4      | Reached skill level 5 in Fire Magic
  1356 | D:4      | Reached XP level 5. HP: 25/28 MP: 6/14
  1412 | D:4      | Learned a level 4 spell: Sticky Flame
  1480 | D:4      | Found an opulent altar of Gozag.
  1737 | D:3      | Reached XP level 6. HP: 32/32 MP: 14/16
  2042 | D:2      | Killed Terence
  2349 | D:2      | Noticed Jessica
  2357 | D:2      | Killed Jessica
  2838 | D:3      | Found a sparkling altar of Nemelex Xobeh.
  3274 | D:3      | Reached skill level 6 in Spellcasting
  3535 | D:4      | Learned a level 5 spell: Fireball
  3614 | D:4      | Noticed Blork the orc
  3658 | D:4      | Killed Blork the orc
  3658 | D:4      | Reached XP level 7. HP: 23/36 MP: 5/18
  3918 | D:4      | Found a transporter.
  3930 | D:4      | Reached skill level 7 in Spellcasting
  4240 | D:4      | Slain by a fire bat

Vault maps used:
D:1:      dpeg_arrival_erosion, hangedman_abyss_or_decor_stabs, minivault_27
D:2:      nicolae_ashenzari_panopticon, uniq_jessica, uniq_terence
D:3:      nemelex_altar_shiori, first_ration, supply_closet_lemuel,
          cheibrodos_gnoll_hut
D:4:      gammafunk_cloud_chamber, marbit_many_paths, serial_shops, shop,
          minmay_ogre_servants, uniq_blork_the_orc

Skill      XL: |  1  2  3  4  5  6  7 |
---------------+----------------------+-----
Fire Magic     | 4 5 6 |  6.4
Spellcasting   | 4 5 6 7 |  7.3
Conjurations   | 2 3 4 |  4.4
Stealth        | 3 |  3.2
Fighting       | |  0.4
Dodging        | |  2.6

Action                   |  1- 3 |  4- 6 |  7- 9 || total
-------------------------+-------+-------+-------++-------
Melee: Unarmed           |       |     1 |       ||     1
 Cast: Flame Tongue      |    63 |   117 |    27 ||   207
       Conjure Flame     |     2 |    10 |     2 ||    14
       Throw Flame       |       |     4 |     1 ||     5
       Sticky Flame      |       |     3 |     3 ||     6
  Use: Scroll            |       |       |    10 ||    10
       Potion            |       |       |     1 ||     1
  Eat: Chunk             |       |     8 |     3 ||    11
Armor: Robe              |     1 |     1 |     1 ||     3
Dodge: Dodged            |    18 |    14 |     5 ||    37

Table legend:
 A = Spawn XP
 B = Non-spawn XP
 C = Spawn XP percentage of total XP
 D = Spawn monster count
 E = Non-spawn monster count
 F = Spawn count percentage of total count
 G = Total turns spent on level
                    A         B        C        D         E        F      G
               +---------+---------+-------+---------+---------+-------+---------
         Total |       0 |    1152 |   0.0 |       0 |      81 |   0.0 |  4240
               +---------+---------+-------+---------+---------+-------+---------
           D:1 |       0 |      46 |   0.0 |       0 |      21 |   0.0 |   873
           D:2 |       0 |     134 |   0.0 |       0 |      17 |   0.0 |  1134
           D:3 |       0 |     132 |   0.0 |       0 |      18 |   0.0 |   815
           D:4 |       0 |     840 |   0.0 |       0 |      25 |   0.0 |  1418
               +---------+---------+-------+---------+---------+-------+---------
